 Dungeon Crawl Stone Soup version 0.14-a0-2617-g93122e0 (webtiles) character file.

169 worrywart the Charlatan (level 3, 17/30 HPs)
             Began as a Deep Dwarf Artificer on Feb 14, 2014.
             Quit the game on Level 3 of the Dungeon.
             The game lasted 00:17:26 (2111 turns).

worrywart the Charlatan (Deep Dwarf Artificer)      Turns: 2111, Time: 00:17:26

HP  17/30        AC 16     Str 14      XL: 3   Next: 87%
MP  14/14        EV  2     Int 12      God:
Gold 106         SH  0     Dex 14      Spells:  0 memorised,  2 levels left

rFire  . . .     SeeInvis .     G - +2,+1 dwarf dagger
rCold  . . .     Clarity  .     E - +1 dwarf plate armour
rNeg   + . .     Conserve .     (no shield)
rPois  .         rCorr    .     (no helmet)
rElec  .         rRot     .     y - +0 elf cloak
SustAb . .       Spirit   .     x - +1 pair of elf gloves
rMut   .         Warding  +     (no boots)
Saprov . . .     Stasis   .     B - amulet of warding {unknown}
MR     .....                    (no ring)
                                u - ring of magical power

@: non-regenerating, not resistant to hostile enchantments, extremely unstealthy
A: damage resistance, recharge devices, sense surroundings 1, slow healing 3
a: Device Recharging


You were on level 3 of the Dungeon.
You were not hungry.

You visited 1 branch of the dungeon, and saw 3 of its levels.

You collected 106 gold pieces.

Inventory:

Hand weapons
 G - a +2,+1 dwarven dagger (weapon)
Missiles
 a - 17 silver darts
 j - 66 darts (quivered)
 k - 14 bolts
 r - 33 stones
 A - a poisoned dart
Armour
 x - a +1 pair of elven gloves (worn)
 y - a +0 elven cloak (worn)
 E - a +1 dwarven plate armour (worn)
Magical devices
 b - a wand of flame (14)
 c - a wand of enslavement (15)
 d - a wand of random effects (15)
 f - a wand of heal wounds (5)
Comestibles
 g - 2 bread rations
 s - a slice of pizza
 t - an apricot
 z - 3 meat rations
Scrolls
 e - a scroll of random uselessness {unknown}
 h - 4 scrolls of teleportation {unknown}
 i - 4 scrolls of identify {unknown}
 l - a scroll of magic mapping {unknown}
 m - a scroll of remove curse {unknown}
 w - a scroll of curse weapon {unknown}
 C - a scroll of fog {unknown}
Jewellery
 u - a ring of magical power (left hand)
 B - an amulet of warding (around neck) {unknown}
Potions
 o - a potion of restore abilities {unknown}
 p - a potion of heal wounds
 q - 3 potions of might
 v - a potion of speed {unknown}


   Skills:
 - Level 0.8 Fighting
 + Level 3.0 Short Blades
 + Level 1.4 Armour
 - Level 2.2 Dodging
 - Level 1.2 Stealth
 - Level 4.1 Evocations


You had 2 spell levels left.
You didn't know any spells.

Dungeon Overview and Level Annotations

Branches:
Dungeon (3/16)

Altars:
Fedhas
Xom


Innate Abilities, Weirdness & Mutations

You are resistant to damage.
You can recharge devices by infusing magical energy.
You passively map a small area around you.
You do not heal naturally.


Message History

The orc hits you but does no damage.
You hit the orc.
You kill the orc!
Items here: %% )) [ an orcish mace; an orcish ring mail; an orc corpse; an orcish dagger a goblin corpse
j - 44 darts (gained 1)
j - 45 darts (gained 1)
j - 46 darts (gained 1)
j - 47 darts (gained 1)
You see here 18 darts.
j - 65 darts (gained 18)
Found a meat ration.
e - a scroll labeled CUGAEQ SHRAPTO
j - 66 darts (gained 1)
Found a leather armour.
z - 3 meat rations (gained 1) Welcome back, worrywart the Deep Dwarf Artificer.
Press ? for a list of commands and other information.
Are you sure you want to abandon this character and quit the game? (Confirm with "yes".)

* ......# #.#.#
##+######## #.#.#
......# #.#.# ,
.......# #>..# ,
...[....# #.#.# , ,
........#
#.#.####### ,
........#
#.......... ,
.........#
#.#.#######
........@# #.#.#
.........######.#.#
,
#+######......)...##
#...............
#..........####
#............. *
#..........### * ,
########.#.# *
*#.#.#*


There were no monsters in sight!

Vanquished Creatures
  7 orcs (D:3)
  4 giant cockroaches (D:2)
  8 goblins
  6 hobgoblins
  5 jackals
  10 kobolds
  2 quokkas (D:2)
  7 bats
  A giant newt (D:1)
  4 rats
54 creatures vanquished.

Notes
Turn   | Place    | Note
--------------------------------------------------------------
     0 | D:1      | worrywart, the Deep Dwarf Artificer, began the quest for the Orb.
     0 | D:1      | Reached XP level 1. HP: 16/16 MP: 1/1
    61 | D:1      | Reached skill level 1 in Short Blades
   287 | D:1      | Reached XP level 2. HP: 18/24 MP: 3/3
  1194 | D:2      | Reached XP level 3. HP: 20/30 MP: 5/5
  1470 | D:2      | Found a shimmering altar of Xom.
  1649 | D:2      | Found a blossoming altar of Fedhas.
  1964 | D:3      | Reached skill level 1 in Armour
  2111 | D:3      | Upgraded the game from 0.14-a0-2604-g6f603d6 to 0.14-a0-2617-g93122e0
  2111 | D:3      | Quit the game

Action                   || total
-------------------------++-------
Melee: Short sword       ||    68
       Dagger            ||    99
Throw: Dart              ||    51
Evoke: Wand              ||     1
  Use: Potion            ||     3
